 Dungeon Sprint DCSS version 0.31-a0-325-g067879e3d3 (webtiles) character file.

Game seed: 8543162009856286080

586 dialectric the Unseen (level 7, -9/37 HPs)
             Began as a Spriggan Brigand on July 18, 2023.
             Was an Initiate of Dithmenos.
             Mangled by a chaos spawn (12 damage)
             ... summoned by a kobold demonologist
             ... in the Dungeon (Sprint I: "Red Sonja").
             The game lasted 00:01:32 (180 turns).

dialectric the Unseen (Spriggan Brigand)             Turns: 180, Time: 00:01:32

Health: -9/37      AC:  3    Str:  7    XL:     7   Next: 15%
Magic:  8/8        EV: 18    Int: 12    God:    Dithmenos [......]
Gold:   405        SH:  0    Dex: 19    Spells: 6/6 levels left

rFire   . . .        a - +2 dagger
rCold   . . .        (no shield)
rNeg    . . .        b - +0 robe
rPois   .            (helmet restricted)
rElec   .            c - +0 cloak
rCorr   .            (gloves unavailable)
SInv    +            (boots unavailable)
Will    +....        (no amulet)
Stlth   ++++++++     (no ring)
HPRegen 0.26/turn    (no ring)
MPRegen 0.11/turn

%: no teleportation
@: very quick
A: very small, no large weapons, unfitting armour, see invisible, speed 3
a: Renounce Religion


You were in the Dungeon.
You worshipped Dithmenos.
Dithmenos was noncommittal.
You visited 1 branch You collected 405 gold pieces.

Inventory:

Hand Weapons
 a - a +2 dagger (weapon)
Missiles
 d - 9 poisoned darts
 e - 2 curare-tipped darts (quivered)
Armour
 b - a +0 robe (worn)
 c - a +0 cloak (worn)
Wands
 l - a wand of paralysis (2)
Scrolls
 k - a scroll of blinking
Potions
 f - a potion of curing
 h - a potion of haste
 i - 2 potions of magic
 j - a potion of berserk rage
 m - a potion of attraction {unknown}
 n - a potion of degeneration {unknown}


   Skills:
 + Level 4.2 Fighting
 + Level 6.0 Short Blades
 - Level 2.5 Throwing
 * Level 3.3 Dodging
 + Level 20.4 Stealth
 + Level 1.2 Evocations


You had 6 spell levels left.
You didn't know any spells.
Your spell library was empty.

Dungeon Overview and Level Annotations

Branches:
Dungeon (1/1)

Altars:
Cheibriados
Dithmenos
Elyvilon
Fedhas
Gozag
Hepliaklqana
Kikubaaqudgha
Makhleb
Nemelex Xobeh
Okawaru
Qazlal
Ru
Sif Muna
Trog
Uskayaw
Vehumet
Wu Jian
Xom
Yredelemnul
Zin
The Shining One
Jiyva
Lugonu

Shops:
D *


Innate Abilities, Weirdness & Mutations

You are very small and have problems with some larger weapons.
You are too small for most types of armour.
You have supernaturally acute eyesight. (SInv)
You cover ground extremely quickly. (Speed+++)


Message History

* * * LOW HITPOINT WARNING * * *
The sun demon closely misses you.
The sun demon disappears in a puff of smoke!
The kobold demonologist completely misses you.
The kobold demonologist hits you with a +0 dagger.
* * * LOW HITPOINT WARNING * * *
You feel much better.
The kobold demonologist hits you with a +0 dagger.
You completely miss the kobold demonologist.
Throw: 3 darts (curare)
Press: ? - help, Q - select action, (/) - cycle Shift-Dir - straight line, f - kobold demonologist
Aim: a kobold demonologist, wielding a +0 dagger and wearing a +0 robe (51% to hit)
You throw a curare-tipped dart.
The curare-tipped dart closely misses the kobold demonologist.
The hellwing gives a chilling moan.
The kobold demonologist gestures wildly while chanting.
Aiming: Paralyse
Press: ? - help, Shift-Dir - straight line, f/p - kobold demonologist
Aim: a kobold demonologist, wielding a +0 dagger and wearing a +0 robe (chance to affect: 34%)
The kobold demonologist easily resists.
The kobold demonologist hits you with a +0 dagger.
Unknown command.
Aiming: Paralyse
Press: ? - help, Shift-Dir - straight line, f/p - kobold demonologist
Aim: a kobold demonologist, wielding a +0 dagger and wearing a +0 robe (chance to affect: 34%)
The kobold demonologist easily resists.
The kobold demonologist barely misses you.
You hit the kobold demonologist.
The kobold demonologist is lightly wounded.
The hellwing hits you! The hellwing hits you.
The kobold demonologist hits you with a +0 dagger.
* * * LOW HITPOINT WARNING * * *
You barely miss the kobold demonologist.
The kobold demonologist is lightly wounded.
The kobold demonologist barely misses you.
The hellwing misses you. The hellwing hits you.
* * * LOW HITPOINT WARNING * * *
Unknown command.
The chaos spawn hits you!
You die...

##################
#@4#.)'..#.)'..#__
#.4'..#.)'K.#..G..
#.K#####'#####'#__
#..####..#...#.###
#..#__####..##.#
#..#_____##'#_.+
#⌠⌠#_.∩..†'..._#
####_..__##_.#'#
#_____###+#.#


You could see a hellwing (summoned), a kobold demonologist and a chaos spawn
(summoned).

Vanquished Creatures
  Sigmund (D)
  A slime creature (D)
  A yak (D)
  An ogre (D)
  A jelly (D)
  Ijyb (D)
6 creatures vanquished.

Notes
Turn   | Place    | Note
-------+----------+-------------------------------------------
     0 | D        | dialectric the Spriggan Brigand began the quest for the
                  | Orb.
     0 | D        | Reached XP level 1. HP: 10/10 MP: 2/2
     2 | D        | Noticed Ijyb
     4 | D        | Killed Ijyb
     5 | D        | Reached skill level 9 in Stealth
     5 | D        | Reached XP level 2. HP: 15/15 MP: 3/3
     7 | D        | Noticed an ogre
    11 | D        | Killed an ogre
    12 | D        | Reached skill level 13 in Stealth
    12 | D        | Reached XP level 3. HP: 19/19 MP: 4/4
    12 | D        | Reached XP level 4. HP: 23/23 MP: 5/5
    14 | D        | Noticed Sigmund
    16 | D        | Killed Sigmund
    17 | D        | Reached skill level 17 in Stealth
    17 | D        | Reached XP level 5. HP: 28/28 MP: 6/6
    17 | D        | Reached XP level 6. HP: 32/32 MP: 7/7
    44 | D        | Found a shimmering blue altar of Sif Muna.
    45 | D        | Found an ornate altar of the Wu Jian Council.
    46 | D        | Found a radiant altar of Vehumet.
    58 | D        | Reached skill level 5 in Short Blades
    87 | D        | Found Bimpucw's Assorted Antiques.
    87 | D        | Found an ancient bone altar of Kikubaaqudgha.
    87 | D        | Found a hazy altar of Hepliaklqana.
    87 | D        | Found a hide-covered altar of Uskayaw.
    87 | D        | Found a basalt altar of Yredelemnul.
    87 | D        | Found an opulent altar of Gozag.
    87 | D        | Found a snail-covered altar of Cheibriados.
    87 | D        | Found a sacrificial altar of Ru.
    87 | D        | Found a shadowy altar of Dithmenos.
    87 | D        | Noticed a yak
    88 | D        | Found a stormy altar of Qazlal.
    88 | D        | Found a blossoming altar of Fedhas.
    88 | D        | Found a bloodstained altar of Trog.
    88 | D        | Found an iron altar of Okawaru.
    88 | D        | Found a glowing golden altar of the Shining One.
    88 | D        | Found a glowing silver altar of Zin.
    88 | D        | Found a white marble altar of Elyvilon.
    89 | D        | Killed a yak
    90 | D        | Reached skill level 19 in Stealth
    90 | D        | Reached skill level 1 in Evocations
    90 | D        | Found a sparkling altar of Nemelex Xobeh.
    96 | D        | Became a worshipper of Dithmenos the Shadowed
   111 | D        | Found a burning altar of Makhleb.
   111 | D        | Found a shimmering altar of Xom.
   111 | D        | Noticed a slime creature
   112 | D        | Found a viscous altar of Jiyva.
   112 | D        | Found a corrupted altar of Lugonu.
   114 | D        | Killed a slime creature
   115 | D        | Reached skill level 20 in Stealth
   115 | D        | Reached XP level 7. HP: 37/37 MP: 8/8
   127 | D        | Noticed a kobold demonologist
   128 | D        | Noticed a kobold demonologist
   148 | D        | Noticed a sun demon
   170 | D        | Noticed a hellwing
   176 | D        | Noticed a chaos spawn
   180 | D        | Mangled by a chaos spawn

Illustrated notes

Levels and vault maps discovered:
D:        dungeon_sprint_1 [red_sonja_temple_1, red_sonja_temple_small_1]

Skill      XL: |  1  2  3  4  5  6 |
---------------+-------------------+-----
Fighting       | 2 3 4 |  4.2
Stealth        | 9 13 17 20 | 20.4
Short Blades   | 3 4 6 |  6.0
Dodging        | 2 3 |  3.3
Evocations     | 1 |  1.2
Throwing       | |  2.5

Action                     |  1- 3 |  4- 6 |  7- 9 || total
---------------------------+-------+-------+-------++-------
  Melee: Dagger            |     2 |     4 |     4 ||    10
  Throw: Dart              |       |       |     1 ||     1
  Evoke: Wand              |       |     1 |     2 ||     3
    Use: Potion            |       |       |     1 ||     1
   Stab: Sleeping          |     2 |     3 |       ||     5
         Paralysed         |       |     1 |       ||     1
 Armour: Robe              |       |     1 |     1 ||     2
  Dodge: Dodged            |       |     2 |     7 ||     9

Table legend: (Time is in decaauts)
 A = Elapsed time spent in this place.
 B = Non-inter-level travel time spent in this place.
 C = Inter-level travel time spent in this place.
 D = Time resting spent in this place.
 E = Time spent auto-exploring this place.
 F = Levels seen in this place.
 G = Mean time per level.
                   A        B        C        D        E       F      G
               +--------+--------+--------+--------+--------+-----+--------+
         Total |    127 |    127 |      0 |      1 |      0 |   1 |  127.0 |
       Dungeon |    127 |    127 |      0 |      1 |      0 |   1 |  127.0 |
               +--------+--------+--------+--------+--------+-----+--------+

Top non-repeatable levels by time:
       D: 127 daAuts
